 Dungeon Crawl Stone Soup version 0.22-a0-609-gfedc9ff (webtiles) character file.

65 Hebeh the Magician (level 3, -5/19 HPs)
             Began as a Deep Elf Fire Elementalist on July 10, 2018.
             Slain by Natasha (7 damage)
             ... on level 2 of the Dungeon.
             The game lasted 00:05:19 (1402 turns).

Hebeh the Magician (Deep Elf Fire Elementalist)     Turns: 1402, Time: 00:05:19

Health: -5/19      AC:  2    Str:  6    XL:     3   Next: 94%
Magic:  0/10       EV: 13    Int: 19    God:
Gold:   84         SH:  0    Dex: 15    Spells: 4/10 levels left

rFire    . . .     SeeInvis .   h - +0 short sword
rCold    . . .     Gourm    .   (no shield)
rNeg     . . .     Faith    .   a - +0 robe
rPois    .         Spirit   +   (no helmet)
rElec    .         Reflect  .   b - scarf {Spirit}
rCorr    .         Harm     .   (no gloves)
MR       .....                  (no boots)
Stlth    ++........             (no amulet)
HPRegen  0.06/turn              (no ring)
MPRegen  0.12/turn              (no ring)

@: very slightly contaminated
A: no striking features
a: no special abilities


You were on level 2 of the Dungeon.
You were not hungry.

You visited 1 branch of the dungeon, and saw 2 of its levels.

You collected 84 gold pieces.

Inventory:

Hand Weapons
 h - a +0 short sword (weapon)
Missiles
 e - 21 sling bullets
 g - 55 stones (quivered)
Armour
 a - a +0 robe (worn)
 b - a scarf of spirit shield (worn)
Jewellery
 j - an uncursed amulet of rage {unknown}
Scrolls
 d - 2 scrolls of identify {unknown}
 l - 2 scrolls of magic mapping {unknown}
Potions
 f - a potion of magic {unknown}
 i - 2 potions of brilliance {unknown}
 k - a potion of curing {unknown}
 m - a potion of resistance {unknown}
Comestibles
 c - 2 rations


   Skills:
 - Level 2.4 Dodging
 - Level 2.4 Stealth
 * Level 4.1 Spellcasting
 * Level 2.5 Conjurations
 * Level 4.0 Fire Magic


You had 4 spell levels left.
You knew the following spells:

 Your Spells              Type           Power        Failure   Level  Hunger
a - Flame Tongue          Conj/Fire      ###..        3%          1    None
b - Throw Flame           Conj/Fire      ###...       5%          2    ##.....
c - Conjure Flame         Conj/Fire      ###.....     11%         3    ###....

Your spell library contained the following spells:

 Spells                   Type           Power        Failure   Level  Hunger
 Fireball                 Conj/Fire      ###.......   67%         5    ######.
 Sticky Flame             Conj/Fire      ###.....     34%         4    ####...
 Inner Flame              Hex/Fire       ##......     17%         3    ###....


Dungeon Overview and Level Annotations

Branches:
Dungeon (2/15)

Altars:
Nemelex Xobeh

Annotations:
D:2 Natasha


Message History

You hit Natasha but do no damage.
Natasha is lightly wounded.
The crimson imp blinks!
Natasha claws you!
The crimson imp grins evilly.
You hit Natasha.
Natasha is lightly wounded.
Natasha misses you. The crimson imp hits you.
* * * LOW HITPOINT WARNING * * *
You closely miss Natasha.
Natasha is lightly wounded.
Natasha claws you.
* * * LOW HITPOINT WARNING * * *
The crimson imp hits you but does no damage.
You hit Natasha.
Natasha is moderately wounded.
Natasha barely misses you. The crimson imp completely misses you.
You closely miss Natasha.
Natasha is moderately wounded.
Natasha claws you!
You die...

###.#####.# ##..###
#......##.# #..##
#.###..##.# ###.##
#.###..##.# #...#
#...#..##.# #..##
♣♣##.#.#..##.# #..#
♣♣P...#.#...#.# #..#
♣PP...........###..#
.PP........@h......#
♣.♣.......5...###..#
♣##.#.#...#.# ##.#
###.###.#.# #.# #.#
#.#.# #.#
####.###.#.####.#
..[.............#
########.#####..##
#.# #...#


You could see Natasha and a crimson imp.

Vanquished Creatures
  Natasha (D:2)
  2 oozes (D:1)
  2 dart slugs
  A leopard gecko (D:1)
  4 bats
  3 giant cockroaches (D:1)
  4 goblins
  A hobgoblin (D:2)
  2 kobolds
  2 frilled lizards (D:1)
  7 rats
29 creatures vanquished.

Notes
Turn   | Place    | Note
-------+----------+-------------------------------------------
     0 | D:1      | Hebeh the Deep Elf Fire Elementalist began the quest for the Orb.
     0 | D:1      | Reached XP level 1. HP: 10/10 MP: 6/6
   133 | D:1      | Reached XP level 2. HP: 15/15 MP: 0/8
   595 | D:1      | Reached XP level 3. HP: 17/19 MP: 6/10
  1169 | D:2      | Learned a level 2 spell: Throw Flame
  1173 | D:2      | Learned a level 3 spell: Conjure Flame
  1222 | D:2      | Found a sparkling altar of Nemelex Xobeh.
  1374 | D:2      | Noticed Natasha
  1381 | D:2      | Killed Natasha
  1393 | D:2      | Noticed Natasha
  1402 | D:2      | Slain by Natasha

Vault maps used:
D:1:      lemuel_arrival_muddy
D:2:      marbit_many_paths, makhleb_altar_promises_db, first_ration,
          minmay_large_rounded_square, uniq_natasha, uniq_crazy_yiuf_cottage

Skill      XL: |  1  2  3 |
---------------+----------+-----
Conjurations   | 2 |  2.5
Spellcasting   | 4 |  4.1
Fire Magic     | 4 |  4.0
Dodging        | |  2.4
Stealth        | |  2.4

Action                   || total
-------------------------++-------
Melee: Short sword       ||     5
 Cast: Flame Tongue      ||    56
       Throw Flame       ||     5
  Eat: Chunk             ||     1
Armor: Robe              ||     2
Dodge: Dodged            ||    15

Table legend:
 A = Spawn XP
 B = Non-spawn XP
 C = Spawn XP percentage of total XP
 D = Spawn monster count
 E = Non-spawn monster count
 F = Spawn count percentage of total count
 G = Total turns spent on level
                    A         B        C        D         E        F      G
               +---------+---------+-------+---------+---------+-------+---------
         Total |       0 |      94 |   0.0 |       0 |      29 |   0.0 |  1402
               +---------+---------+-------+---------+---------+-------+---------
           D:1 |       0 |      46 |   0.0 |       0 |      21 |   0.0 |   914
           D:2 |       0 |      48 |   0.0 |       0 |       8 |   0.0 |   488
               +---------+---------+-------+---------+---------+-------+---------
